 Dungeon Crawl Stone Soup version 0.27.1-34-g3ba077fa99 (webtiles) character file.

Game seed: 589714848225350649

41 AuftragZ the Conjurer (level 3, 0/26 HPs)
             Began as a Draconian Conjurer on Jan 25, 2022.
             Was a Plaything of Xom.
             Slain by a worm (8 damage)
             ... on level 2 of the Dungeon.
             The game lasted 00:06:58 (2229 turns).

AuftragZ the Conjurer (Draconian Conjurer)          Turns: 2229, Time: 00:06:58

Health: 0/26       AC:  5    Str:  5 (9)  XL:     3   Next: 32%
Magic:  0/6        EV: 11    Int: 16 (19) God:    Xom [*.....]
Gold:   59         SH:  0    Dex:  7 (9)  Spells: 0/6 levels left

rFire    . . .     SeeInvis .   (no weapon)
rCold    . . .     Faith    .   (no shield)
rNeg     . . .     Spirit   .   (armour unavailable)
rPois    .         Reflect  .   (helmet restricted)
rElec    .         Harm     .   (no cloak)
rCorr    .         Rampage  .   (no gloves)
Will     .....                  (no boots)
Stlth    ++........             (no amulet)
HPRegen  0.08/turn              (no ring)
MPRegen  0.10/turn              (no ring)

@: no status effects
A: AC +5, unfitting armour, cold-blooded
a: Renounce Religion


You were on level 2 of the Dungeon.
You worshipped Xom.
You were a special plaything of Xom.
You visited 1 branch of the dungeon, and saw 2 of its levels.

You collected 81 gold pieces.
You spent 22 gold pieces at shops.

Inventory:

Missiles
 d - 35 poisoned darts (quivered)
Scrolls
 b - a scroll of blinking {unknown}
 c - 3 scrolls of enchant weapon
 e - a scroll of immolation {unknown}
Potions
 a - a potion of degeneration


   Skills:
 + Level 1.9 Dodging
 + Level 2.0 Stealth
 + Level 0.1 Unarmed Combat
 + Level 2.2 Spellcasting
 + Level 4.8 Conjurations


You couldn't memorise any spells.
You knew the following spells:

 Your Spells              Type           Power      Damage    Failure   Level
a - Magic Dart            Conj           68%        1d6       2%          1
b - Searing Ray           Conj           34%        3d4       4%          2
c - Dazzling Flash        Conj/Hex       18%        N/A       22%         3

Your spell library contained the following spells:

 Spells                   Type           Power      Damage    Failure   Level
 Fulminant Prism          Conj/Hex       4%         3d6       58%         4
 Iskenderun's Mystic Bla  Conj/Tloc      9%         2d4       58%         4


Dungeon Overview and Level Annotations

Branches:
Dungeon (2/15)

Altars:
Xom

Shops:
D:1 *


Innate Abilities, Weirdness & Mutations

Your plain brown scales are hard. (AC +5)
You cannot fit into any form of body armour.
You are cold-blooded and may be slowed by cold attacks.


Message History

You barely miss the worm.
The worm is almost dead.
You barely miss the worm.
The worm is almost dead.
The worm closely misses you.
You hit the worm but do no damage.
The worm is almost dead.
The worm bites you.
You hit the worm but do no damage.
The worm is severely wounded.
You hit the worm but do no damage.
The worm is severely wounded.
The worm closely misses you.
You barely miss the worm.
The worm is severely wounded.
You hit the worm.
The worm is severely wounded.
The worm bites you!
* * * LOW HITPOINT WARNING * * *
You hit the worm.
Your tail-slap misses the worm.
The worm is almost dead.
The worm closely misses you.
You barely miss the worm.
The worm is almost dead.
Casting: Magic Dart (safe; 2% risk of failure)
Confirm with . or Enter, or press ? or * to list all spells.
Aiming: Magic Dart (safe; 2% risk of failure)
Press: ? - help, Shift-Dir - straight line, f/p - worm
Aim: a worm (almost dead, 100% to hit)
The magic dart hits the worm.
The worm is almost dead.
The worm closely misses you.
Unknown command.
You hit the worm but do no damage.
Your tail-slap misses the worm.
The worm is almost dead.
You hit the worm.
The worm is almost dead.
The worm bites you!
You die... "This toy is broken."

...........>.....# #.#
#######.############.##
#.# #...# ##'##
####.#.### ## ##...##
#........# .. ##.....##
#.###.##.# #.#.
##.).....## # #. #.#
##....####...(.....#
...#.##.#
.........'....w@...+
.........
.#<....###.........#
...#.##.# #.#.#.
##.......## #. #.# # #.
##.....## #. #.# #.
##...## ..# #) ##+##
### .. ##


You could see a worm.

Vanquished Creatures
  An adder (D:2)
  A worm (D:1)
  A ball python (D:1)
  4 bats (D:1)
  2 endoplasms (D:1)
  4 giant cockroaches (D:1)
  3 goblins
  2 hobgoblins (D:1)
  2 kobolds
  2 quokkas
  2 frilled lizards (D:1)
  2 rats (D:1)
26 creatures vanquished.

Notes
Turn   | Place    | Note
-------+----------+-------------------------------------------
     0 | D:1      | AuftragZ the Draconian Conjurer began the quest for the
                  | Orb.
     0 | D:1      | Reached XP level 1. HP: 14/14 MP: 3/3
   332 | D:1      | Reached XP level 2. HP: 20/20 MP: 3/5
   335 | D:1      | Learned a level 2 spell: Searing Ray
  1330 | D:1      | Found Cuedgh's General Store.
  1343 | D:1      | Bought a scroll of identify for 22 gold pieces
  1552 | D:1      | Found a faded altar of an unknown god.
  1560 | D:1      | Became a worshipper of Xom of Chaos
  1575 | D:1      | XOM: silly message
  1699 | D:2      | Reached XP level 3. HP: 26/26 MP: 2/6
  1784 | D:1      | XOM: divination: detect items
  2136 | D:2      | XOM: noise
  2137 | D:2      | XOM: stat loss: -1 Str (5/9)
  2167 | D:2      | Learned a level 3 spell: Dazzling Flash
  2229 | D:2      | Slain by a worm

Illustrated notes

Levels and vault maps discovered:
D:1:      grunt_arrival_lava_bath, layout_basic, basic_ecumenical_altar,
          serial_shops, nicolae_square_shop, grunt_decor_cap
D:2:      layout_loops_corners, kennysheep_big_empty_room,
          minmay_misc_feat_square

Skill      XL: |  1  2  3 |
---------------+----------+-----
Stealth        | 2 |  2.0
Dodging        | |  1.9
Unarmed Combat | |  0.1
Spellcasting   | |  2.2
Conjurations   | |  4.8

Action                   || total
-------------------------++-------
Melee: Unarmed           ||    60
       Tailslap          ||     4
 Cast: Magic Dart        ||    36
       Searing Ray       ||    14
  Use: Scroll            ||     1
       Potion            ||     2
Armor: Skin              ||     4
Dodge: Dodged            ||    29
